[Event "Titled Tuesday Blitz March 08 Early 2022"]
[White "Li, Hui"]
[Black "Bashirli, Nail"]
[WhiteFideId "15400310"]
[BlackFideId "13406809"]
[WhiteElo "1954"]
[BlackElo "2333"]
[Result "0-1"]
[Round "01"]
[TimeControl "180+1"]
[Date "2022.03.09"]
[WhiteClock "0:00:05"]
[BlackClock "0:00:54"]

1. e4 Nf6 2. e5 Nd5 3. d4 d6 4. Nf3 Nb6 5. Bd3 g6 6. O-O Bg7 7. Qe2 O-O 8. h3 Nc6 9. exd6 cxd6 10. c3 Qc7 11. Bg5 h6 12. Be3 Re8 13. Na3 a6 14. Qd2 Kh7 15. Bf4 Nd5 16. Bg3 b5 17. Rfe1 Rb8 18. Nc2 Bf5 19. Ne3 Nxe3 20. fxe3 Bxd3 21. Qxd3 Qd7 22. e4 b4 23. Qxa6 Rec8 24. Rad1 Ra8 25. Qc4 e6 26. Qb3 bxc3 27. bxc3 Na5 28. Qc2 Nc4 29. e5 dxe5 30. Nxe5 Nxe5 31. Bxe5 Ra3 32. Bxg7 Kxg7 33. Re3 Qd5 34. Rd2 Qa5 35. Rf2 Raxc3 36. Rxc3 Rxc3 37. Qd2 Qc7 38. Qf4 Rc1+ 39. Kh2 Qxf4+ 40. Rxf4 Rc2 41. a3 Rc4 42. Kg3 Ra4 43. Rf3 Rxd4 44. Kf2 e5 45. Rb3 f5 46. Rb2 Kf6 47. Ra2 Ra4 48. Ke3 e4 49. g3 Ke5 50. Ra1 g5 51. Ra2 f4+ 52. gxf4+ gxf4+ 53. Kd2 Kd4 54. Ke2 f3+ 55. Kf2 Kd3 56. Ra1 Kd2 57. Ra2+ Kd3 58. Ra1 Kd4 59. Rd1+ Ke5 60. Ra1 Kf4 61. Ra2 h5 62. Ke1 Ke3 63. h4 Ra8 64. a4 f2+ 65. Rxf2 Rxa4 66. Re2+ Kf3 67. Rf2+ Kg3 68. Rf5 Kxh4 69. Ke2 Kg4 70. Rf8 h4 71. Rg8+ Kf4 72. Rf8+ Kg3 73. Rg8+ Kh2 74. Ke3 h3 75. Rh8 Kg2 76. Rg8+ Kf1 77. Rh8 Ke1 78. Rxh3 Ra3+ 0-1


[Site "https://www.chess.com"]

[Event "Titled Tuesday Blitz March 08 Early 2022"]
[White "Lopez Del Alamo, Antonio"]
[Black "Hua, Lefong"]
[WhiteFideId "2227339"]
[BlackFideId "2602253"]
[WhiteElo "2082"]
[BlackElo "2608"]
[Result "0-1"]
[Round "01"]
[TimeControl "180+1"]
[Date "2022.03.09"]
[WhiteClock "0:00:34"]
[BlackClock "0:01:56"]

1. e4 c5 2. Nf3 g6 3. d4 cxd4 4. Nxd4 Bg7 5. c4 Nc6 6. Be3 Nf6 7. Nc3 Ng4 8. Qxg4 Nxd4 9. Qd1 e5 10. Bd3 O-O 11. O-O d6 12. Nd5 Be6 13. Qa4 a6 14. Bxd4 exd4 15. Qb3 Bxd5 16. cxd5 Qd7 17. Rac1 Rac8 18. f3 Bh6 19. f4 Bxf4 20. Rxc8 Be3+ 21. Kh1 Rxc8 22. h3 Qe7 23. Qb6 Kg7 24. a4 Rd8 25. e5 dxe5 26. d6 Rxd6 27. Qc5 Rd7 28. Bc4 Qxc5 0-1


[Site "https://www.chess.com"]

[Event "Titled Tuesday Blitz March 08 Early 2022"]
[White "Lopez Gracia, Fernando"]
[Black "Daneshvar, Bardiya"]
[WhiteFideId "2207184"]
[BlackFideId "12576468"]
[WhiteElo "2431"]
[BlackElo "2295"]
[Result "0-1"]
[Round "01"]
[TimeControl "180+1"]
[Date "2022.03.09"]
[WhiteClock "0:01:53"]
[BlackClock "0:02:30"]

1. c4 a6 2. e4 h6 3. Nf3 e6 4. d4 g5 5. h3 Bg7 6. Nc3 Ne7 7. Be2 d6 8. O-O Ng6 9. Nh2 Nf4 10. Bxf4 gxf4 11. Bh5 Qh4 12. Qg4 Qxg4 13. Bxg4 Bxd4 14. Ne2 Bxb2 15. Rab1 Be5 16. Nf3 c5 17. Nxe5 dxe5 18. Nc1 Nd7 19. Bd1 Ke7 20. Ba4 Nf6 21. f3 Rd8 22. Rd1 Rd4 23. Nd3 Rxc4 24. Bb3 Rc3 25. Nxe5 Nd7 26. Nc4 b5 27. Nd6 c4 0-1


[Site "https://www.chess.com"]

[Event "Titled Tuesday Blitz March 08 Early 2022"]
[White "Lou, Yiping"]
[Black "Fiorito, Fabian"]
[WhiteFideId "8603928"]
[BlackFideId "100200"]
[WhiteElo "2412"]
[BlackElo "2395"]
[Result "1-0"]
[Round "01"]
[TimeControl "180+1"]
[Date "2022.03.09"]
[WhiteClock "0:00:55"]
[BlackClock "0:01:08"]

1. e4 c6 2. Nf3 d5 3. d3 dxe4 4. dxe4 Qxd1+ 5. Kxd1 Nf6 6. Nbd2 g6 7. Ne5 Nbd7 8. Nd3 Bg7 9. c3 O-O 10. Kc2 b6 11. a4 Bb7 12. a5 c5 13. f3 Rfd8 14. Be2 b5 15. a6 Bc6 16. Rd1 Rac8 17. Nf1 Ne8 18. Be3 Ba8 19. Nxc5 Nxc5 20. Rxd8 Rxd8 21. Bxc5 Rd7 22. Bxb5 Rc7 23. b4 Nd6 24. Bd3 f5 25. exf5 gxf5 26. Ne3 f4 27. Nf5 Nxf5 28. Bxf5 Bf6 29. Rd1 Kg7 30. Rd8 Bc6 31. Be4 Bb5 32. Rb8 Bxa6 33. Ra8 Bf1 34. Rxa7 Rxa7 35. Bxa7 Bxg2 36. b5 Bf1 37. b6 Be5 38. b7 Kf6 39. b8=Q Bxb8 40. Bxb8 Kg5 41. Bd5 Be2 42. c4 Kf6 43. Bxf4 e5 44. Be3 Kf5 45. Be4+ Ke6 46. c5 h5 47. Kc3 1-0


[Site "https://www.chess.com"]

[Event "Titled Tuesday Blitz March 08 Early 2022"]
[White "Madaminov, Mukhiddin"]
[Black "Rudzinska, Michalina"]
[WhiteFideId "14210703"]
[BlackFideId "1172883"]
[WhiteElo "1916"]
[BlackElo "1904"]
[Result "1-0"]
[Round "01"]
[TimeControl "180+1"]
[Date "2022.03.09"]
[WhiteClock "0:00:15"]
[BlackClock "0:00:19"]

1. d4 Nf6 2. Nc3 c5 3. d5 d6 4. e4 g6 5. f4 Bg7 6. Bb5+ Nfd7 7. e5 dxe5 8. fxe5 Bxe5 9. Nf3 Bg7 10. O-O O-O 11. a4 Na6 12. Bf4 Nb4 13. Qd2 a6 14. Be2 Nf6 15. Rad1 Bf5 16. Ne1 Nbxd5 17. Nxd5 Ne4 18. Qc1 Bd4+ 19. Ne3 e5 20. Bh6 Qh4 21. Bxf8 Qg5 22. Rf3 Bg4 23. h4 Qxh4 24. Rxd4 Bxf3 25. Rxe4 Bxe4 26. Bxc5 Rc8 27. b4 f5 28. Bc4+ Kg7 29. Qd2 f4 30. Qd7+ Kh6 31. Ng4+ Kh5 32. Qxh7+ Kxg4 33. Be6+ Bf5 34. Qxh4+ Kxh4 35. Bxc8 Bxc8 36. Nf3+ Kg4 37. Nxe5+ Kf5 38. Nc4 Bd7 39. Nd6+ Ke5 40. a5 Bc6 41. Kf2 g5 42. g3 g4 43. Nc4+ Kf5 44. gxf4 Kxf4 45. Bd6+ Ke4 46. Kg3 Kd4 47. Nb6 Kc3 48. Kxg4 Kxc2 49. Kf5 Kc3 50. Bc5 Bf3 51. Ke6 Bc6 52. Kd6 Bf3 53. Kc7 Bc6 54. Nc8 Kc4 55. Kb6 Bg2 56. Nd6+ Kb3 57. Nxb7 Bf1 58. Nd8 Kc4 59. Nc6 Kd5 60. Nb8 Ke6 61. Nxa6 Kd7 62. Kb7 Bg2+ 63. Kb8 Bf1 64. Nc7 Kc6 65. a6 Bxa6 66. Nxa6 Kb5 67. Kb7 Ka4 68. Kc6 1-0


[Site "https://www.chess.com"]

[Event "Titled Tuesday Blitz March 08 Early 2022"]
[White "Malicka, Maria"]
[Black "Goryachkina, Aleksandra"]
[WhiteFideId "1197576"]
[BlackFideId "4147103"]
[WhiteElo "1822"]
[BlackElo "2426"]
[Result "0-1"]
[Round "01"]
[TimeControl "180+1"]
[Date "2022.03.09"]
[WhiteClock "0:00:23"]
[BlackClock "0:00:21"]

1. e4 c5 2. Nf3 e6 3. d4 cxd4 4. Nxd4 Nf6 5. Nc3 Nc6 6. Ndb5 d6 7. Bf4 e5 8. Bg5 a6 9. Na3 b5 10. Bxf6 gxf6 11. Nd5 Bg7 12. g3 O-O 13. Bg2 Ne7 14. O-O Be6 15. Nxe7+ Qxe7 16. c3 Rac8 17. Nc2 f5 18. exf5 Bxf5 19. Ne3 Be6 20. Qh5 f5 21. Rad1 Kh8 22. Nd5 Qf7 23. Qe2 Rc5 24. Ne3 d5 25. Nc2 f4 26. f3 Qg6 27. Qf2 d4 28. Nb4 Bc4 29. Rfe1 a5 30. cxd4 exd4 31. Nc2 Rd5 32. b3 Bd3 33. Rd2 Bxc2 34. Rxc2 d3 35. Qd2 Bd4+ 36. Kh1 dxc2 37. gxf4 Rc8 38. Rc1 Qe6 39. Rxc2 Rxc2 0-1


[Site "https://www.chess.com"]

[Event "Titled Tuesday Blitz March 08 Early 2022"]
[White "Manelyuk, Daniil"]
[Black "Beerdsen, Thomas"]
[WhiteFideId "44173920"]
[BlackFideId "1030108"]
[WhiteElo "2222"]
[BlackElo "2585"]
[Result "0-1"]
[Round "01"]
[TimeControl "180+1"]
[Date "2022.03.09"]
[WhiteClock "0:00:48"]
[BlackClock "0:02:42"]

1. e4 e5 2. Nf3 Nc6 3. Bb5 f5 4. Nc3 fxe4 5. Nxe4 Nf6 6. d3 d5 7. Nxf6+ Qxf6 8. Bg5 Qf5 9. O-O Bd6 10. Bh4 O-O 11. Bg3 Qh5 12. Qe1 Rxf3 13. gxf3 Nd4 14. f4 Nf3+ 15. Kh1 Nxe1 16. Raxe1 Qf3+ 17. Kg1 Bh3 0-1


[Site "https://www.chess.com"]

[Event "Titled Tuesday Blitz March 08 Early 2022"]
[White "Manukian, Artak"]
[Black "Lazavik, Denis"]
[WhiteFideId "13301373"]
[BlackFideId "13515110"]
[WhiteElo "2511"]
[BlackElo "2437"]
[Result "0-1"]
[Round "01"]
[TimeControl "180+1"]
[Date "2022.03.08"]
[WhiteClock "0:00:41"]
[BlackClock "0:01:16"]

1. e4 c5 2. Nf3 e6 3. c3 Nf6 4. e5 Nd5 5. d4 cxd4 6. cxd4 d6 7. Nc3 Nxc3 8. bxc3 Qc7 9. Bd2 Nd7 10. Bb5 a6 11. Bxd7+ Bxd7 12. O-O Be7 13. Re1 O-O 14. exd6 Bxd6 15. Ne5 Rfd8 16. Qh5 Be8 17. Qh4 Qe7 18. Qg4 Rac8 19. Re3 f6 20. Nf3 Bf7 21. Rae1 Qd7 22. h4 Bf8 23. h5 b5 24. h6 g6 25. Rxe6 Bxe6 26. Qxe6+ Qxe6 27. Rxe6 Rd6 28. Re4 Kf7 29. g4 Re6 30. Rf4 Bxh6 31. g5 Bg7 32. gxf6 Rxf6 33. Ne5+ Kg8 34. Re4 Rf5 35. f4 Re8 36. Kg2 g5 37. fxg5 Bxe5 38. dxe5 Rfxe5 39. Rd4 Re4 40. Rd6 R8e6 41. Rd7 Re7 42. Rd6 R4e6 43. Rd5 Kf7 44. Kf3 Kg6 45. a4 bxa4 46. Ra5 Rd6 47. Bf4 Rd3+ 48. Kg4 Re6 49. Rxa4 Rxc3 50. Ra1 Rc4 51. Rh1 Ree4 52. Rh6+ Kg7 53. Rf6 a5 54. Kg3 Rxf4 55. Rxf4 Rxf4 56. Kxf4 a4 0-1


[Site "https://www.chess.com"]

[Event "Titled Tuesday Blitz March 08 Early 2022"]
[White "Manukyan, Sargis A."]
[Black "Mohammadian, Mohammad"]
[WhiteFideId "13303970"]
[BlackFideId "12566055"]
[WhiteElo "2187"]
[BlackElo "1544"]
[Result "1-0"]
[Round "01"]
[TimeControl "180+1"]
[Date "2022.03.09"]
[WhiteClock "0:01:55"]
[BlackClock "0:00:01"]

1. d4 Nf6 2. c4 g6 3. Nc3 d5 4. cxd5 Nxd5 5. e4 Nxc3 6. bxc3 Bg7 7. Nf3 c5 8. Rb1 Nc6 9. Be3 b6 10. Be2 Bg4 11. e5 Rb8 12. O-O cxd4 13. cxd4 O-O 14. Rc1 Rc8 15. Qa4 Bd7 16. Bb5 Nb8 17. Rxc8 Qxc8 18. Rc1 Qd8 19. Bxd7 Nxd7 20. Qxa7 e6 21. h4 h5 22. Rc7 Nxe5 23. dxe5 Qd1+ 24. Kh2 Qd5 25. Bf4 Qe4 26. Bg3 1-0


[Site "https://www.chess.com"]

[Event "Titled Tuesday Blitz March 08 Early 2022"]
[White "Marson, Juan Miguel"]
[Black "Jobava, Baadur"]
[WhiteFideId "106585"]
[BlackFideId "13601520"]
[WhiteElo "2053"]
[BlackElo "2617"]
[Result "0-1"]
[Round "01"]
[TimeControl "180+1"]
[Date "2022.03.08"]
[WhiteClock "0:00:08"]
[BlackClock "0:00:29"]

1. e4 c6 2. d4 d5 3. e5 Bf5 4. h4 Qc7 5. g4 Bd7 6. h5 c5 7. c3 cxd4 8. cxd4 Bxg4 9. Bb5+ Bd7 10. Bd3 Nc6 11. Nf3 Bg4 12. Be2 Bxf3 13. Bxf3 Nxd4 14. Qxd4 Qxc1+ 15. Ke2 Qc4+ 16. Qxc4 dxc4 17. Bxb7 Rb8 18. Bc6+ Kd8 19. Rd1+ Kc7 20. Ba4 Rxb2+ 21. Kf3 e6 22. Nc3 Nh6 23. Rd7+ Kb6 24. Rd8 Rxf2+ 25. Kg3 Nf5+ 26. Kh3 Rf3+ 27. Kg2 Rg3+ 28. Kh2 Rxc3 29. Rb1+ Ka5 30. Bd1 Bd6 31. Rxh8 Bxe5+ 32. Kg1 Bd4+ 33. Kf1 Ng3+ 34. Ke1 Re3+ 35. Kd2 Ne4+ 36. Kc2 Rc3+ 37. Kb2 Nc5 38. Rd8 Nd3+ 39. Ka1 Bf6 40. a3 Rxa3# 0-1


[Site "https://www.chess.com"]

[Event "Titled Tuesday Blitz March 08 Early 2022"]
[White "Martin Duque, Jesus"]
[Black "parintele_chess"]
[WhiteFideId "2208954"]
[WhiteElo "2243"]
[BlackElo "2201"]
[Result "1-0"]
[Round "01"]
[TimeControl "180+1"]
[Date "2022.03.09"]
[WhiteClock "0:00:55"]
[BlackClock "0:00:07"]

1. Nf3 Nf6 2. b3 g6 3. Bb2 Bg7 4. g3 b6 5. Bg2 Bb7 6. O-O O-O 7. e3 d6 8. d4 Nbd7 9. c4 Re8 10. Qc2 Be4 11. Qc1 e5 12. Nc3 Bb7 13. dxe5 dxe5 14. Rd1 Qe7 15. Nxe5 Bxg2 16. Nxd7 Bf3 17. Nxf6+ Bxf6 18. Nd5 Bxd5 19. cxd5 Rad8 20. Bxf6 Qxf6 21. Qxc7 Rxd5 22. Qxa7 Rf5 23. Rf1 Rxf2 24. Rxf2 Qxa1+ 25. Kg2 f5 26. Qxb6 Qe5 27. a4 Qe4+ 28. Kg1 Rc8 29. Qd4 Rc1+ 30. Rf1 Rxf1+ 31. Kxf1 Qb1+ 32. Ke2 Qc2+ 33. Qd2 Qxb3 34. a5 Qb5+ 35. Kf2 Kg7 36. Qd4+ Kh6 37. Qh4+ Kg7 38. Qe7+ Kh6 39. Qf8+ Kh5 40. Qa3 Kg4 41. a6 Qd3 42. Qb4+ Kh3 43. Qh4# 1-0


[Site "https://www.chess.com"]

[Event "Titled Tuesday Blitz March 08 Early 2022"]
[White "Martinez Alcantara, Jose Eduardo"]
[Black "Istvanovszki, Martin"]
[WhiteFideId "3805662"]
[BlackFideId "726958"]
[WhiteElo "2690"]
[BlackElo "2345"]
[Result "1-0"]
[Round "01"]
[TimeControl "180+1"]
[Date "2022.03.08"]
[WhiteClock "0:00:04"]
[BlackClock "0:00:19"]

1. e4 c5 2. Nf3 d6 3. c3 Nf6 4. h3 Bd7 5. Bd3 g6 6. O-O Bg7 7. Bc2 O-O 8. d4 Bc6 9. Nbd2 b6 10. Re1 Nbd7 11. Nf1 Qc7 12. Ng3 Rac8 13. Bd3 e6 14. Qe2 Rfe8 15. Bd2 Qb8 16. a4 cxd4 17. cxd4 Qa8 18. b4 Bb7 19. a5 bxa5 20. Rxa5 d5 21. e5 Ne4 22. Nxe4 dxe4 23. Bxe4 Nb6 24. Ng5 Nc4 25. Rc5 Rxc5 26. bxc5 Nxd2 27. Qxd2 Bd5 28. Qf4 Qb7 29. Bxd5 exd5 30. Qd2 Bh6 31. f4 Bxg5 32. fxg5 Re6 33. Qd3 a5 34. Rb1 Qe7 35. Qd2 Ra6 36. Rb6 Ra8 37. c6 Qc7 38. Rb5 Qxc6 39. Rc5 Qb7 40. Rxa5 Rxa5 41. Qxa5 Qb1+ 42. Kh2 Qe4 43. Qd2 Kg7 44. Qf2 Kg8 45. Kg3 Kg7 46. Qf6+ Kg8 47. Qf4 Qd3+ 48. Kh2 Qc4 49. Qe3 Qc6 50. Kg3 Qe6 51. Qf4 Qc6 52. Qf3 Qc4 53. Qe3 Qc2 54. e6 Qf5 55. e7 1-0


[Site "https://www.chess.com"]

[Event "Titled Tuesday Blitz March 08 Early 2022"]
[White "Matlakov, Maxim"]
[Black "Gracia Alvarez, Gerardo Antonio"]
[WhiteFideId "4168003"]
[BlackFideId "5109124"]
[WhiteElo "2669"]
[BlackElo "2139"]
[Result "1-0"]
[Round "01"]
[TimeControl "180+1"]
[Date "2022.03.08"]
[WhiteClock "0:01:43"]
[BlackClock "0:00:58"]

1. e4 c5 2. Nf3 Nc6 3. Bb5 d6 4. O-O Bd7 5. Re1 Nf6 6. h3 a6 7. Bf1 g5 8. d4 cxd4 9. Nxd4 Rg8 10. Nc3 Ne5 11. Nf5 g4 12. h4 Nxe4 13. Nxd6+ Nxd6 14. Rxe5 Bg7 15. Qxd6 Bxe5 16. Qxe5 Qb8 17. Qe4 Qc7 18. Nd5 Qc5 19. Nf6+ 1-0


[Site "https://www.chess.com"]

[Event "Titled Tuesday Blitz March 08 Early 2022"]
[White "Matveeva, Olga"]
[Black "Shkapenko, Pavel"]
[WhiteFideId "24107018"]
[BlackFideId "4151933"]
[WhiteElo "2083"]
[BlackElo "2386"]
[Result "1/2-1/2"]
[Round "01"]
[TimeControl "180+1"]
[Date "2022.03.09"]
[WhiteClock "0:02:00"]
[BlackClock "0:00:32"]

1. d4 Nf6 2. c4 e6 3. g3 Bb4+ 4. Bd2 Qe7 5. Nf3 Nc6 6. Nc3 Bxc3 7. Bxc3 Ne4 8. Rc1 O-O 9. Bg2 d6 10. O-O Nxc3 11. Rxc3 e5 12. d5 Nb8 13. b4 a5 14. a3 Na6 15. Qb3 Bd7 16. Rfc1 b6 17. Ne1 f5 18. e3 Qf6 19. f4 exf4 20. exf4 Qd4+ 21. Kh1 Rfe8 22. Nf3 Qf2 23. R3c2 Qe3 24. Rc3 Qf2 25. R3c2 Qe3 26. Rc3 Qf2 1/2-1/2


[Site "https://www.chess.com"]

[Event "Titled Tuesday Blitz March 08 Early 2022"]
[White "Maung, Maung Kyaw Zaw Hein"]
[Black "Goltseva, Ekaterina"]
[WhiteFideId "13001698"]
[BlackFideId "24173770"]
[WhiteElo "1785"]
[BlackElo "2140"]
[Result "0-1"]
[Round "01"]
[TimeControl "180+1"]
[Date "2022.03.09"]
[WhiteClock "0:01:16"]
[BlackClock "0:00:55"]

1. Nf3 Nf6 2. c4 e6 3. Nc3 d5 4. d4 a6 5. cxd5 exd5 6. Bg5 c6 7. e3 Bd6 8. Bd3 h6 9. Bh4 O-O 10. O-O Re8 11. Qc2 Bg4 12. Nd2 g5 13. Bg3 Bxg3 14. hxg3 Nbd7 15. f3 Be6 16. Kf2 c5 17. Ne2 Qe7 18. dxc5 Bf5 19. e4 dxe4 20. fxe4 Nxc5 21. exf5 Qe3+ 22. Ke1 Nxd3+ 23. Kd1 Qxe2# 0-1


[Site "https://www.chess.com"]

[Event "Titled Tuesday Blitz March 08 Early 2022"]
[White "Mena, Ailen Oriana"]
[Black "Jacobson, Aaron"]
[WhiteFideId "3902773"]
[BlackFideId "2089912"]
[WhiteElo "1534"]
[BlackElo "2265"]
[Result "0-1"]
[Round "01"]
[TimeControl "180+1"]
[Date "2022.03.09"]
[WhiteClock "0:00:09"]
[BlackClock "0:00:06"]

1. e4 f5 2. exf5 Nf6 3. Nf3 d5 4. d4 Bxf5 5. Bd3 e6 6. Bxf5 exf5 7. Ne5 Bd6 8. Bf4 O-O 9. O-O Nc6 10. Nc3 Re8 11. Re1 Bb4 12. Qd3 Ne4 13. a3 Bxc3 14. bxc3 Nxe5 15. Bxe5 c5 16. Rab1 c4 17. Qh3 Qd7 18. Rb4 b6 19. Reb1 Re6 20. Qxf5 Rf8 21. Qg4 Nxf2 22. Qg3 Ne4 23. Qg4 Qf7 24. Qe2 Nxc3 25. Qe1 Nxb1 26. Rxb1 Qf5 27. h3 Rg6 28. Qc3 Qe4 29. g4 Rf3 30. Qe1 Re3 31. Qf2 Rxh3 32. Rf1 Rxg4+ 33. Bg3 Qh1# 0-1


[Site "https://www.chess.com"]

[Event "Titled Tuesday Blitz March 08 Early 2022"]
[White "Mikhailov, Viacheslav"]
[Black "Mohammed, Dilshad"]
[WhiteFideId "4187369"]
[BlackFideId "5050421"]
[WhiteElo "2381"]
[BlackElo "2109"]
[Result "1-0"]
[Round "01"]
[TimeControl "180+1"]
[Date "2022.03.09"]
[WhiteClock "0:01:59"]
[BlackClock "0:01:21"]

1. Nf3 Nf6 2. g3 d5 3. Bg2 e6 4. O-O Be7 5. c4 O-O 6. d4 dxc4 7. Ne5 c5 8. dxc5 Bxc5 9. Qxd8 Rxd8 10. Nxc4 Be7 11. Nc3 Nc6 12. Bf4 a6 13. Nb6 Ra7 14. Rad1 Bd7 15. Bc7 Rc8 16. Nxc8 Bxc8 17. Bb6 Ra8 18. Na4 Bd7 19. Bc5 Be8 20. Bxc6 Bxc6 21. Bxe7 Bxa4 22. b3 Bb5 23. Bxf6 gxf6 24. Rd2 Rc8 25. a4 Bc6 26. Rfd1 Rc7 27. Rd8+ Kg7 28. Rc1 Re7 29. f3 f5 30. Kf2 e5 31. Rc5 f6 32. Rd6 e4 33. Rxf5 e3+ 34. Kg2 Kg6 35. Rfxf6+ 1-0


[Site "https://www.chess.com"]

[Event "Titled Tuesday Blitz March 08 Early 2022"]
[White "Miszler, Levente"]
[Black "Aitbayev, Aslan"]
[WhiteFideId "763276"]
[BlackFideId "13704613"]
[WhiteElo "1966"]
[BlackElo "2385"]
[Result "0-1"]
[Round "01"]
[TimeControl "180+1"]
[Date "2022.03.09"]
[WhiteClock "0:00:23"]
[BlackClock "0:01:02"]

1. Nf3 d5 2. e3 Nf6 3. c4 c6 4. Nc3 e6 5. b3 Bd6 6. Bb2 O-O 7. Be2 e5 8. d4 e4 9. Nd2 Re8 10. cxd5 cxd5 11. Nb5 Bf8 12. Rc1 Nc6 13. O-O Bf5 14. a4 a6 15. Nc3 Bd6 16. Ndb1 Rc8 17. Ba3 Bb8 18. b4 Qc7 19. g3 Qd7 20. b5 axb5 21. axb5 Na5 22. Na4 Rxc1 23. Qxc1 Bg4 24. Nc5 Qc8 25. Bxg4 Qxg4 26. Qd1 Qh3 27. f3 Nc4 28. Bc1 b6 29. Na6 Bxg3 30. hxg3 Qxg3+ 31. Kh1 Re6 32. Qe2 Ng4 33. Qg2 Rh6+ 34. Kg1 Qxg2+ 35. Kxg2 Ngxe3+ 36. Bxe3 Nxe3+ 37. Kf2 Nxf1 38. Kxf1 Rh1+ 0-1


[Site "https://www.chess.com"]

[Event "Titled Tuesday Blitz March 08 Early 2022"]
[White "Mitusov, Semen"]
[Black "Mirzanurov, Bulat"]
[WhiteFideId "14151049"]
[BlackFideId "4184521"]
[WhiteElo "2265"]
[BlackElo "2116"]
[Result "1-0"]
[Round "01"]
[TimeControl "180+1"]
[Date "2022.03.09"]
[WhiteClock "0:00:57"]
[BlackClock "0:00:01"]

1. e4 c5 2. c3 Nf6 3. e5 Nd5 4. d4 cxd4 5. Nf3 d6 6. cxd4 Nc6 7. Bc4 Nb6 8. Bb3 dxe5 9. d5 Nd4 10. Nxd4 exd4 11. Qxd4 e6 12. Nc3 exd5 13. O-O Be6 14. Re1 Be7 15. Qxg7 Bf6 16. Qg3 Qd7 17. Bf4 O-O-O 18. Rac1 Nc4 19. Nxd5 Bxd5 20. Bxc4 Bc6 21. Bb5 Rdg8 22. Qf3 Kd8 23. Bxc6 bxc6 24. Rcd1 Bd4 25. Rxd4 Qxd4 26. Rd1 Qxd1+ 27. Qxd1+ Kc8 28. Be5 Rd8 29. Qg4+ Kb7 30. Bxh8 Rxh8 31. Qd7+ Kb6 32. Qd4+ Ka5 33. Qxh8 Ka6 34. Qb8 Ka5 35. b3 1-0


[Site "https://www.chess.com"]

[Event "Titled Tuesday Blitz March 08 Early 2022"]
[White "Mkrtchyan, Mariam"]
[Black "Babazada, Khazar"]
[WhiteFideId "13310828"]
[BlackFideId "13413554"]
[WhiteElo "1984"]
[BlackElo "2418"]
[Result "1/2-1/2"]
[Round "01"]
[TimeControl "180+1"]
[Date "2022.03.08"]
[WhiteClock "0:01:11"]
[BlackClock "0:00:17"]

1. d4 Nf6 2. Nf3 e6 3. g3 b5 4. Bg2 Bb7 5. O-O Be7 6. c3 O-O 7. a4 b4 8. c4 a5 9. Bf4 c5 10. Nbd2 cxd4 11. Nxd4 Bxg2 12. Kxg2 Qb6 13. N2f3 d6 14. Be3 Qb7 15. h3 Na6 16. Nb5 Rfd8 17. Qc2 d5 18. Rfd1 Rac8 19. b3 Bc5 20. Bg5 Qb6 21. Bxf6 gxf6 22. e3 Bf8 23. Nd2 f5 24. Rac1 Bg7 25. Kh2 Qb7 26. Nf1 h6 27. Qe2 dxc4 28. Rxd8+ Rxd8 29. Rxc4 Bf6 30. Nd2 Rd5 31. Nf3 Nc5 32. Qc2 Ne4 33. Rc7 Qb6 34. Rc6 Qb7 35. Rc7 Qb6 1/2-1/2


[Site "https://www.chess.com"]

[Event "Titled Tuesday Blitz March 08 Early 2022"]
[White "Mohammad Fahad, Rahman"]
[Black "Gubanov, Oleg"]
[WhiteFideId "10207791"]
[BlackFideId "14115115"]
[WhiteElo "2323"]
[BlackElo "2080"]
[Result "1-0"]
[Round "01"]
[TimeControl "180+1"]
[Date "2022.03.09"]
[WhiteClock "0:01:28"]
[BlackClock "0:00:03"]

1. Nf3 Nf6 2. b3 b5 3. Bb2 Bb7 4. e3 a6 5. d4 e6 6. Nbd2 Be7 7. Bd3 d5 8. O-O O-O 9. c4 bxc4 10. bxc4 c5 11. dxc5 Bxc5 12. Qc2 Nbd7 13. cxd5 exd5 14. Bxf6 Qxf6 15. Bxh7+ Kh8 16. Bf5 Ne5 17. Qxc5 Qxf5 18. Qc7 Nxf3+ 19. Nxf3 Bc8 20. Rfd1 Be6 21. Nd4 Qf6 22. Rab1 Rfc8 23. Qa5 Bg4 24. Rdc1 Rxc1+ 25. Rxc1 Be6 26. h3 Qg6 27. Qb6 a5 28. a4 Re8 29. Rc6 Qd3 30. Nxe6 fxe6 31. Rxe6 Qd1+ 32. Kh2 Rf8 33. Qd6 Rxf2 34. Qd8+ Kh7 35. Qh4+ Kg8 36. Qxf2 1-0


[Site "https://www.chess.com"]

[Event "Titled Tuesday Blitz March 08 Early 2022"]
[White "Molina, Roberto Junio Brito"]
[Black "Korkmaz, Necmettin"]
[WhiteFideId "2109450"]
[BlackFideId "6303285"]
[WhiteElo "2432"]
[BlackElo "2094"]
[Result "1-0"]
[Round "01"]
[TimeControl "180+1"]
[Date "2022.03.09"]
[WhiteClock "0:00:30"]
[BlackClock "0:00:09"]

1. d4 d5 2. c4 c6 3. Nf3 e6 4. Nc3 f5 5. Bg5 Nf6 6. e3 Bd6 7. Qc2 O-O 8. Bd3 h6 9. Bh4 g5 10. Bg3 Ne4 11. Bxd6 Qxd6 12. Ne5 Nd7 13. Nxd7 Bxd7 14. f3 Nxc3 15. Qxc3 Rae8 16. O-O e5 17. cxd5 cxd5 18. dxe5 Qxe5 19. Qxe5 Rxe5 20. Kf2 Bc6 21. Rfe1 f4 22. exf4 Rxe1 23. Rxe1 Rxf4 24. Re7 Rb4 25. b3 a5 26. Bc2 a4 27. Ke3 axb3 28. axb3 d4+ 29. Kd2 Bd5 30. Rh7 Bxb3 31. Rxh6 Bxc2 32. Kxc2 Kf7 33. Rd6 b5 34. Rd5 Kf6 35. g4 Kg6 36. Kd3 Rb2 37. Kxd4 Rxh2 38. Rxb5 Re2 39. Rb6+ Kf7 40. Rd6 Re1 41. Rd5 Kf6 42. Rf5+ Kg6 43. Re5 Rf1 44. Ke3 Re1+ 45. Kd4 Rd1+ 46. Kc3 Kf6 47. Re4 Rd8 48. Rd4 Ra8 49. Kd3 Re8 50. Re4 Ra8 51. Ke3 Ra3+ 52. Kf2 Ra2+ 53. Kg3 Rb2 54. Ra4 Rc2 55. Ra6+ Kg7 56. Rd6 Ra2 57. Rd1 Rb2 58. Rf1 Ra2 59. Rf2 Ra4 60. Re2 Kg6 61. Re6+ Kf7 62. Re4 Ra2 63. Re1 Kf6 64. Rg1 Kg6 65. Rg2 Kf6 66. Rxa2 1-0


[Site "https://www.chess.com"]

[Event "Titled Tuesday Blitz March 08 Early 2022"]
[White "Morefield, Jason"]
[Black "Komiagina, Maria"]
[WhiteFideId "30920825"]
[BlackFideId "4153987"]
[WhiteElo "2171"]
[BlackElo "1945"]
[Result "1-0"]
[Round "01"]
[TimeControl "180+1"]
[Date "2022.03.09"]
[WhiteClock "0:01:42"]
[BlackClock "0:02:14"]

1. d4 Nf6 2. c4 g6 3. Nc3 Bg7 4. e4 d6 5. Nf3 O-O 6. Be2 e5 7. Be3 Ng4 8. Bg5 f6 9. Bc1 Nc6 10. h3 Nh6 11. Be3 Qe8 12. Qd2 Nf7 13. d5 Ne7 14. g4 f5 15. gxf5 gxf5 16. exf5 Nxf5 17. O-O-O Nxe3 18. fxe3 Bf5 19. Rdg1 Kh8 20. h4 Qe7 21. Ng5 Bh6 22. e4 Bd7 23. Nxf7+ 1-0


[Site "https://www.chess.com"]

[Event "Titled Tuesday Blitz March 08 Early 2022"]
[White "Moroni, Luca Jr"]
[Black "Kuzmin, Roman"]
[WhiteFideId "865834"]
[BlackFideId "44134932"]
[WhiteElo "2573"]
[BlackElo "1978"]
[Result "1-0"]
[Round "01"]
[TimeControl "180+1"]
[Date "2022.03.08"]
[WhiteClock "0:01:14"]
[BlackClock "0:00:45"]

1. d4 d5 2. Bf4 Nf6 3. e3 c5 4. dxc5 Nc6 5. Bb5 e6 6. b4 Be7 7. Nf3 O-O 8. c3 Ne4 9. Qb3 Bf6 10. a4 a6 11. Be2 a5 12. Ra3 Nxc3 13. b5 Nxb1 14. Qxb1 Nb4 15. O-O Be7 16. Rc3 f6 17. Rd1 e5 18. Bg3 Qe8 19. c6 bxc6 20. bxc6 Ba6 21. Bb5 Qb8 22. c7 Qb7 23. Bd7 Qa7 24. Be6+ Kh8 25. Bxd5 Nxd5 26. Rxd5 Bb4 27. Rc1 Rac8 28. Bxe5 fxe5 29. Ng5 g6 30. Rd7 Qb6 31. Rxh7+ Kg8 32. Qb3+ 1-0


[Site "https://www.chess.com"]